 Dungeon Crawl Stone Soup version 0.31-a0-1074-g0b22e4e0f1 (webtiles) character file.

Game seed: 15846749664542895404

14072 Jeffwins the Sneak (level 11, -2/46 HPs)
             Began as a Felid Venom Mage on Dec 1, 2023.
             Was an Initiate of Gozag.
             Slain by a red ugly thing (9 damage)
             ... in a volcano.
             The game lasted 00:38:03 (15989 turns).

Jeffwins the Sneak (Felid Venom Mage)              Turns: 15989, Time: 00:38:04

Health: -2/46      AC:  2    Str:  4    XL:     11   Next: 83%
Magic:  9/21       EV: 21    Int: 26    God:    Gozag
Gold:   134        SH:  0    Dex: 18    Spells: 0/22 levels left
                                        Lives:  0   Deaths: 4

rFire   + .          .
                       - Unarmed
rCold   x . .        (shield unavailable)
rNeg    . . .        (body armour unavailable)
rPois   .            (helmet unavailable)
rElec   .            (cloak unavailable)
rCorr   .            (gloves unavailable)
SInv    +            (boots unavailable)
Will    +....        (no amulet)
Stlth   ++++         F - ring of fire
HPRegen 0.27/turn    I - +6 ring of intelligence
MPRegen 0.17/turn

%: no passive effects
@: gold aura, very slightly contaminated, quick
A: very small, claws 1, fangs 3, see invisible, speed 1, shaggy fur 2, stealthy
paws, no weapons or thrown items, no armour, multi-lived
a: Renounce Religion, Potion Petition, Call Merchant, Bribe Branch


You were in a volcano.
You worshipped Gozag.
Gozag was aware of your devotion.
You visited 3 branches of the dungeon, and saw 13 of its levels.
You also visited: Bailey and Volcano.

You collected 2137 gold pieces.
You spent 1954 gold pieces at shops.
You paid 49 gold pieces to Gozag.


Innate Abilities, Weirdness & Mutations

You have sharp claws.
You have razor-sharp teeth.
You have supernaturally acute eyesight. (SInv)
You cover ground quickly. (Speed+)
You are covered in thick fur. (AC +2)
Your paws help you pounce on unaware monsters.
You are incapable of wielding weapons or throwing items.
You cannot wear armour.
You gain extra lives every three experience levels.


   Skills:
 + Level 4.3 Fighting
 + Level 6.6 Dodging
 + Level 7.2 Stealth
 * Level 6.8 Unarmed Combat
 * Level 6.4 Spellcasting
 * Level 5.8 Conjurations
 + Level 2.4 Necromancy
 * Level 2.9 Transmutations
 * Level 4.3 Fire Magic
 * Level 0.5 Ice Magic
 * Level 5.8 Air Magic
 * Level 6.7 Poison Magic
 + Level 3.2 Evocations
 * Level 5.9 Shapeshifting


You couldn't memorise any spells.
You knew the following spells:

 Your Spells              Type           Power      Damage    Failure   Level
f - Freezing Cloud        Conj/Ice/Air   14%        6-21      34%         5
m - Mephitic Cloud        Conj/Pois/Air  40%        N/A       1%          3
o - Olgreb's Toxic Radia  Pois           43%        N/A       4%          4
s - Sticky Flame          Conj/Fire      51%        2d7       9%          4
x - Ignite Poison         Fire/Tmut/Pois 49%        N/A       3%          3
z - Poisonous Vapours     Pois/Air       82%        N/A       1%          2
X - Sting                 Tmut/Pois      100%       1d8       1%          1

Your spell library contained the following spells:

 Spells                   Type           Power      Damage    Failure   Level
 Kiss of Death            Conj/Necr      100%       2d13      1%          1
 Cigotuvi's Dreadful Rot  Necr/Pois/Air  68%        N/A       1%          2
 Slow                     Hex            32%        N/A       7%          1
 Vampiric Draining        Necr           21%        2d7       8%          3
 Inner Flame              Hex/Fire       29%        N/A       9%          3
 Flame Wave               Conj/Fire      51%        2d13      9%          4
 Confusing Touch          Hex            8%         N/A       21%         3
 Sigil of Binding         Hex            8%         N/A       21%         3
 Summon Guardian Golem    Hex/Summ       8%         N/A       21%         3
 Summon Lightning Spire   Summ/Air       23%        N/A       21%         4
 Dispel Undead            Necr           21%        3d11      24%         4
 Alistair's Intoxication  Tmut/Pois      22%        N/A       26%         5
 Borgnjor's Vile Clutch   Necr/Erth      7%         N/A       73%         5
 Lee's Rapid Deconstruct  Erth           4%         3d5*      88%         5
 Death Channel            Necr           10%        N/A       98%         6
 Orb of Destruction       Conj           19%        9d8       99%         7
 Spellforged Servitor     Conj/Summ      11%        N/A       100%        7
 Animate Dead             Necr           Unusable   N/A       N/A         4
 Animate Armour           Summ/Erth      Unusable   N/A       N/A         4

Inventory:

Jewellery
 F - a ring of fire (left paw)
 I - a +6 ring of intelligence (right paw)
 X - a +6 ring of dexterity
Talismans
 p - a blade talisman
 q - a serpent talisman
Wands
 c - a wand of flame (31)
 i - a wand of digging (15)
 y - a wand of polymorph (10)
 B - a wand of roots (6)
Scrolls
 f - 8 scrolls of teleportation {@r4}
 g - 4 scrolls of blinking
 h - a scroll of silence {!r}
 j - a scroll of torment {!r}
 k - a scroll of vulnerability {!r}
 l - 2 scrolls of poison {!r}
 n - 2 scrolls of immolation {!r}
 r - a scroll of revelation
 u - a scroll of fear
Potions
 a - 4 potions of magic
 b - 2 potions of haste {@q3}
 d - 8 potions of curing {@q1}
 e - 2 potions of lignification {!q}
 m - 4 potions of enlightenment
 o - 2 potions of heal wounds {@q2}
 s - 3 potions of degeneration {!q}
 x - a potion of brilliance {unknown}
 z - 3 potions of might {unknown}
 C - 2 potions of mutation {!q}
Miscellaneous
 v - a box of beasts
 w - a condenser vane

Dungeon Overview and Level Annotations

Branches:
Dungeon (11/15)            Temple (1/1) D:5            Lair (0/5) D:10
    Orc (1/2) D:9          Bailey (visited)         Volcano (1/1)

Altars:
Ashenzari
Cheibriados
Dithmenos
Elyvilon
Fedhas
Gozag
Hepliaklqana
Kikubaaqudgha
Makhleb
Nemelex Xobeh
Okawaru
Qazlal
Ru
Sif Muna
Trog
Uskayaw
Vehumet
Wu Jian
Xom
Yredelemnul
Zin
The Shining One

Shops:
D:6 [!([?*   D:7 *   D:9 = D:11

[ §≈≈ §$$ ). u# #h ######## #.##
##..##..### #####☼######
#.....##..###.°.§§§.§....
#§...∩#####....@u§§§≈§§≈≈§......
#§§..≈≈# ###...§§§§≈≈≈§≈≈≈≈....
#§≈≈§≈## #....§≈§≈≈§≈≈≈≈≈≈≈...#
##≈○≈## ##....§§≈≈≈§≈§§§§§§..#
#○≈# #....≈§§§≈≈≈§§≈§§§..# ##§
##...§≈≈§≈≈§≈≈§§§§.# #
###..§§§≈§§≈≈≈...# ###
##.#..§..........#
##≈≈##.###..###..##...#


You could see a red ugly thing.


Message History

You are very lightly contaminated with residual magic.
Nothing appears to happen.
The red ugly thing gurgles horribly!
You hear a bark!
Casting: Freezing Cloud (extremely dangerous; 34% risk of failure)
Confirm with . or Enter, or press ? or * to list all spells.
Aiming: Freezing Cloud (extremely dangerous; 34% risk of failure)
Press: ? - help, Dir - move target, f/p - red ugly thing
Aim: a red ugly thing (lightly wounded)
The red ugly thing is engulfed in freezing vapours.
The hell hound is engulfed in freezing vapours.
Unknown command.
Unknown command.
The hell hound is engulfed in freezing vapours.
You kill the hell hound!
The red ugly thing is engulfed in freezing vapours.
The red ugly thing gores you.
* * * LOW HITPOINT WARNING * * *
You are engulfed in flames!
You resist.
* * * LOW HITPOINT WARNING * * *
You see here 5 gold pieces.
You barely miss the red ugly thing.
You claw the red ugly thing, but do no damage.
Your bite misses the red ugly thing.
The red ugly thing is heavily wounded.
The red ugly thing is engulfed in freezing vapours.
The red ugly thing gores you!
* * * LOW HITPOINT WARNING * * *
You are engulfed in flames!
You resist.
You die...
Your body crumbles into a pile of gold.

Skill      XL: |  1  2  3  4  5  6  7  8  9 10 11 |
---------------+----------------------------------+-----
Unarmed Combat | 1 2 3 4 5 6 |  6.8
Stealth        | 3 4 5 6 7 |  7.2
Poison Magic   | 3 4 5 6 |  6.7
Dodging        | 3 4 5 6 |  6.6
Fighting       | 1 2 3 4 |  4.3
Air Magic      | 1 2 3 4 5 |  5.8
Spellcasting   | 3 4 5 6 |  6.4
Conjurations   | 1 2 3 4 5 |  5.8
Shapeshifting  | 1 2 3 4 5 |  5.9
Fire Magic     | 2 3 4 |  4.3
Evocations     | 2 3 |  3.2
Necromancy     | 1 2 |  2.4
Transmutations | 2 |  2.9
Ice Magic      | |  0.5

Action                     |  1- 3 |  4- 6 |  7- 9 | 10-12 || total
---------------------------+-------+-------+-------+-------++-------
  Melee: Unarmed           |    79 |    54 |   224 |   207 ||   564
         Bite              |     4 |     5 |    34 |    21 ||    64
         Punch             |       |     1 |     3 |    11 ||    15
   Cast: Sting             |    38 |    32 |    20 |    14 ||   104
         Poisonous Vapours |     6 |    40 |   108 |   104 ||   258
         Olgreb's Toxic Ra |       |       |     6 |    23 ||    29
         Mephitic Cloud    |       |       |     3 |     3 ||     6
         Ignite Poison     |       |       |       |    21 ||    21
         Sticky Flame      |       |       |       |     8 ||     8
         Freezing Cloud    |       |       |       |     4 ||     4
  Evoke: Wand              |       |       |       |    10 ||    10
         Condenser vane    |       |       |       |     2 ||     2
         Box of beasts     |       |       |       |     1 ||     1
    Use: Potion            |       |       |     2 |     5 ||     7
         Scroll            |       |       |    10 |    11 ||    21
   Stab: Sleeping          |     5 |     3 |     4 |     4 ||    16
         Invisible         |       |       |     1 |       ||     1
         Confused          |       |       |     1 |     1 ||     2
         Distracted        |       |       |       |     3 ||     3
 Armour: Skin              |    22 |    14 |    85 |    77 ||   198
  Dodge: Dodged            |    56 |    50 |   257 |   181 ||   544

Levels and vault maps discovered:
D:1:      erik_arrival_blinker_ship, layout_basic, minmay_tree_intersection,
          st_stairs_13, serial_bayou_lake_a
D:2:      layout_loops_ring, nicolae_kite_square_tiling_tiny,
          minmay_tetromino_t4
D:3:      layout_basic, serial_forest, infiniplex_forest_straight_3,
          infiniplex_forest_clump_curved, infiniplex_forest_corner_2,
          infiniplex_forest_corner_2, infiniplex_forest_lined_3_way,
          infiniplex_forest_fountain
D:4:      layout_cave_pools
D:5:      layout_cave_pods, minmay_temple_entry_butterflies, serial_demonic,
          serial_demonic_a, serial_demonic_b, serial_demonic_f,
          serial_demonic_g, corexii_corridor_pit, grunt_decor_junction
D:6:      layout_loops_ring, jmf_multi_god_temple, serial_shops,
          nicolae_shop_drivethru, nicolae_shop_rolling_square,
          nicolae_shop_tiny_waterfront, shop,
          nicolae_shop_temple_entry_statues_fountains,
          nicolae_nh_oracle_at_delphi, uniq_prince_ribbit1
D:7:      wad_crossroads, layout_loops_ring, nicolae_qazlal_scattered_showers,
          nemelex_xobeh_ov_fountains_minmay, enter_bailey_4, ldierk_geyser,
          guppyfry_shop_venom
D:8:      layout_basic, mainiacjoe_overflow_cross_hatched
D:9:      layout_loops_ring, orc_0_dummy, serial_shops, shop
D:10:     layout_rooms, nicolae_overflow_hidden_temple, trog_butcher_becter,
          grunt_lair_entry_orc_guard_hut, chequers_arboretum
D:11:     layout_basic, serial_shops, shop, uniq_amaemon
Temple:   jpeg_temple_clearing
Orc:1:    layout_caves, enter_volcano_3
Volcano:  volcano_pools

Notes
Turn   | Place    | Note
-------+----------+-------------------------------------------
     0 | D:1      | Jeffwins the Felid Venom Mage began the quest for the Orb.
     0 | D:1      | Reached XP level 1. HP: 7/7 MP: 4/4
    57 | D:1      | Slain by a kobold
   133 | D:1      | Reached XP level 2. HP: 6/11 MP: 3/6
   233 | D:1      | Learned a level 2 spell: Poisonous Vapours
   295 | D:1      | Reached skill level 1 in Unarmed Combat
   489 | D:1      | Reached skill level 3 in Stealth
   647 | D:1      | Reached XP level 3. HP: 15/15 MP: 4/7
   657 | D:1      | Reached skill level 3 in Poison Magic
  1057 | D:2      | Reached skill level 3 in Dodging
  1241 | D:2      | Reached skill level 1 in Fighting
  1373 | D:2      | Reached XP level 4. HP: 19/19 MP: 1/8
  1719 | D:3      | Reached skill level 1 in Air Magic
  1894 | D:3      | Noticed a scorpion
  1899 | D:3      | Killed a scorpion
  1900 | D:3      | Reached skill level 2 in Unarmed Combat
  1900 | D:3      | Reached XP level 5. HP: 22/22 MP: 2/10
  2384 | D:3      | Learned a level 3 spell: Mephitic Cloud
  3004 | D:4      | Gained mutation: You are covered in thick fur. (AC +2)
                  | [Felid growth]
  3004 | D:4      | Reached XP level 6. HP: 8/25 MP: 11/11
  3117 | D:4      | Reached skill level 3 in Spellcasting
  3228 | D:4      | Reached skill level 1 in Conjurations
  3228 | D:4      | Reached skill level 1 in Shapeshifting
  3296 | D:4      | Noticed a steam dragon
  3521 | D:4      | Killed a steam dragon
  3522 | D:4      | Reached skill level 2 in Air Magic
  3634 | D:4      | Learned a level 4 spell: Olgreb's Toxic Radiance
  3968 | D:5      | Entered Level 5 of the Dungeon
  4001 | D:5      | Reached XP level 7. HP: 29/29 MP: 10/12
  4103 | D:5      | Reached skill level 4 in Stealth
  4111 | D:5      | Reached skill level 3 in Unarmed Combat
  4111 | D:5      | Reached skill level 4 in Poison Magic
  4111 | D:5      | Reached skill level 2 in Shapeshifting
  4246 | D:5      | Reached skill level 2 in Conjurations
  4271 | D:5      | Slain by a sleepcap
  4278 | D:5      | Reached skill level 2 in Fighting
  4278 | D:5      | Found a staircase to the Ecumenical Temple.
  4291 | Temple   | Entered the Ecumenical Temple
  4349 | Temple   | Became a worshipper of Gozag Ym Sagoz the Greedy
  4414 | D:5      | Slain by a gnoll
  4461 | D:5      | Reached skill level 4 in Dodging
  5225 | D:5      | Reached XP level 8. HP: 33/33 MP: 5/14
  5527 | D:6      | Found Teriowan's Antique Armour Shoppe.
  5811 | D:6      | Reached skill level 3 in Air Magic
  5819 | D:6      | Reached skill level 4 in Spellcasting
  5826 | D:6      | Reached skill level 3 in Conjurations
  5943 | D:6      | Found Omuewnoc's Weapon Boutique.
  5956 | D:6      | Found a glowing silver altar of Zin.
  6103 | D:6      | Reached skill level 3 in Shapeshifting
  6184 | D:6      | Found an iron altar of Okawaru.
  6211 | D:6      | Found a transporter.
  6254 | D:6      | Reached skill level 5 in Stealth
  6356 | D:6      | Found Rionuth's Distillery.
  6383 | D:6      | Noticed Prince Ribbit
  6397 | D:6      | Killed Prince Ribbit
  6398 | D:6      | Reached skill level 4 in Unarmed Combat
  6564 | D:6      | Found Vopp's General Store.
  6570 | D:6      | Bought a serpent talisman for 420 gold pieces
  6672 | D:6      | Found Azixug's Armour Shoppe.
  6766 | D:6      | Learned a level 4 spell: Sticky Flame
  6801 | D:6      | Found The Oracle's Delphic Readings.
  6834 | D:6      | Bought a scroll of identify for 28 gold pieces
  6933 | D:6      | Found a transporter.
  7112 | D:6      | Bought a potion of lignification for 36 gold pieces
  7213 | D:7      | Found a flagged portal.
  7234 | Bailey   | Entered a bailey
  7256 | Bailey   | Reached XP level 9. HP: 21/37 MP: 3/16
  7541 | Bailey   | Noticed an orc knight
  7614 | Bailey   | Noticed an orc knight
  7633 | Bailey   | Killed an orc knight
  7634 | Bailey   | Reached skill level 3 in Fighting
  7634 | Bailey   | Reached skill level 1 in Fire Magic
  7634 | Bailey   | Reached skill level 4 in Air Magic
  7634 | Bailey   | Reached skill level 5 in Poison Magic
  7807 | Bailey   | Reached skill level 4 in Conjurations
  7943 | Bailey   | Reached skill level 5 in Dodging
  7965 | Bailey   | Reached skill level 4 in Shapeshifting
  8212 | Bailey   | Killed an orc knight
  8213 | Bailey   | Reached skill level 5 in Unarmed Combat
  8213 | Bailey   | Reached skill level 5 in Spellcasting
  8213 | Bailey   | Reached skill level 2 in Fire Magic
  8345 | D:7      | Found a stormy altar of Qazlal.
  8610 | D:7      | Found a sparkling altar of Nemelex Xobeh.
  8926 | D:7      | Reached XP level 10. HP: 42/42 MP: 10/18
  9071 | D:7      | Learned a level 4 spell: Dispel Undead
  9290 | D:7      | Found Piorecs's Serpentskin Sales.
  9385 | D:7      | Reached skill level 6 in Stealth
  9690 | D:7      | Reached skill level 1 in Evocations
 10553 | D:8      | Found a glowing golden altar of the Shining One.
 10597 | D:8      | Noticed a two-headed ogre
 10651 | D:8      | Killed a two-headed ogre
 10652 | D:8      | Reached skill level 1 in Necromancy
 11023 | D:7      | Bought Pony's Cyclopedia of Toxins for 510 gold pieces
 11610 | D:8      | Reached skill level 3 in Fire Magic
 11765 | D:9      | Reached skill level 5 in Conjurations
 11819 | D:9      | Reached skill level 6 in Poison Magic
 11819 | D:9      | Reached skill level 2 in Evocations
 11821 | D:9      | Reached skill level 5 in Air Magic
 11822 | D:9      | Reached skill level 5 in Shapeshifting
 11828 | D:9      | Reached skill level 6 in Dodging
 12040 | D:9      | Found a staircase to the Orcish Mines.
 12319 | D:9      | Found Eskitt Jegu's Jewellery Shoppe.
 13056 | D:10     | Entered Level 10 of the Dungeon
 13133 | D:10     | Noticed an elephant
 13148 | D:10     | Noticed an elephant
 13153 | D:10     | Killed an elephant
 13154 | D:10     | Reached XP level 11. HP: 45/45 MP: 3/20
 13168 | D:10     | Reached skill level 4 in Fighting
 13225 | D:10     | Learned a level 3 spell: Ignite Poison
 13327 | D:10     | Reached skill level 6 in Unarmed Combat
 13394 | D:10     | You fall into a shaft and drop 1 floor!
 13467 | D:11     | Found Lahuimim's Armour Shoppe.
 13565 | D:11     | Reached skill level 6 in Spellcasting
 13757 | D:11     | Reached skill level 2 in Necromancy
 13952 | D:10     | Found a shadowy altar of Dithmenos.
 13952 | D:10     | Found a shimmering blue altar of Sif Muna.
 14325 | D:11     | Noticed Amaemon
 14412 | D:11     | Killed Amaemon
 14413 | D:11     | Reached skill level 2 in Transmutations
 14413 | D:11     | Reached skill level 3 in Evocations
 14537 | D:10     | Noticed a two-headed ogre
 14542 | D:10     | Killed a two-headed ogre
 14543 | D:10     | Reached skill level 7 in Stealth
 14543 | D:10     | Reached skill level 4 in Fire Magic
 15215 | D:10     | Found a staircase to the Lair.
 15304 | D:10     | Found a bloodstained altar of Trog.
 15466 | D:9      | Bought a +6 ring of intelligence for 540 gold pieces
 15535 | D:6      | Bought a potion of haste for 140 gold pieces
 15535 | D:6      | Bought a potion of mutation for 112 gold pieces
 15535 | D:6      | Bought a potion of heal wounds for 70 gold pieces
 15535 | D:6      | Bought a potion of curing for 42 gold pieces
 15535 | D:6      | Bought a scroll of poison for 56 gold pieces
 15582 | Orc:1    | Entered Level 1 of the Orcish Mines
 15756 | Orc:1    | Learned a level 5 spell: Freezing Cloud
 15767 | Orc:1    | Found a dark tunnel.
 15883 | Volcano  | Entered a volcano
 15968 | Volcano  | Noticed a sun demon
 15970 | Volcano  | Engulfed by a cloud of freezing vapour
 15970 | Volcano  | Noticed a red ugly thing
 15975 | Volcano  | Killed a sun demon
 15989 | Volcano  | Slain by a red ugly thing

Vanquished Creatures
  2 two-headed ogres
  A sun demon (Volcano)
  Amaemon (D:11)
  2 orc knights (Bailey)
  An orange demon (D:11)
  An efreet (D:11)
  A troll (D:11)
  A red devil (Volcano)
  A hornet (D:9)
  Prince Ribbit (D:6)
  8 yaks
  2 wraiths (D:11)
  A wyvern (D:10)
  4 vampire mosquitoes (D:10)
  3 steam dragons
  An acid dragon (D:11)
  3 hell hounds
  12 orc warriors
  4 water moccasins
  An ice beast (D:6)
  2 ogres
  3 sky beasts
  A black bear (D:10)
  A centaur (D:11)
  A phantom (D:7)
  4 kobold brigands
  2 gnoll sergeants
  6 bullfrogs
  9 scorpions
  11 wights
  9 killer bees (D:9)
  7 howler monkeys
  2 quasits
  2 jellies
  4 hounds
  4 orc priests
  5 gnoll boudas
  A sleepcap (D:5)
  4 iguanas
  7 orc wizards
  28 gnolls
  10 adders
  A shadow imp (D:5)
  6 white imps
  2 ufetubi (D:5)
  2 worms
  2 dart slugs (D:1)
  47 orcs
  9 endoplasms
  4 giant cockroaches
  19 goblins
  3 hobgoblins (D:1)
  24 kobolds
  5 quokkas
  7 ball pythons
  2 bats (D:1)
  A frilled lizard (D:1)
  6 rats
314 creatures vanquished.

Vanquished Creatures (collateral kills)
  2 elephants (D:10)
2 creatures vanquished.

Vanquished Creatures (others)
  An orc (Orc:1)
1 creature vanquished.

Grand Total: 317 creatures vanquished

Table legend: (Time is in decaauts)
 A = Elapsed time spent in this place.
 B = Non-inter-level travel time spent in this place.
 C = Inter-level travel time spent in this place.
 D = Time resting spent in this place.
 E = Time spent auto-exploring this place.
 F = Levels seen in this place.
 G = Mean time per level.
                   A        B        C        D        E       F      G
               +--------+--------+--------+--------+--------+-----+--------+
         Total |  14433 |  13819 |    614 |   2166 |   9001 |  15 |  962.2 |
       Dungeon |  13098 |  12527 |    571 |   1815 |   8460 |  11 | 1190.7 |
        Temple |     75 |     32 |     43 |      0 |     30 |   1 |   75.0 |
  Orcish Mines |    179 |    179 |      0 |     83 |      0 |   1 |  179.0 |
        Bailey |    989 |    989 |      0 |    256 |    492 |   1 |  989.0 |
       Volcano |     90 |     90 |      0 |     11 |     18 |   1 |   90.0 |
               +--------+--------+--------+--------+--------+-----+--------+

Top non-repeatable levels by time:
     D:7: 2060 daAuts
     D:9: 1420 daAuts
     D:6: 1389 daAuts
     D:5: 1275 daAuts
     D:4: 1224 daAuts
    D:10: 1182 daAuts
     D:8: 1119 daAuts
  Bailey: 989 daAuts
     D:3: 960 daAuts
    D:11: 947 daAuts
     D:1: 819 daAuts
     D:2: 699 daAuts
   Orc:1: 179 daAuts
 Volcano: 90 daAuts
  Temple: 75 daAuts

Table legend:
 A = Non-vault XP
 B = Vault XP
 C = Vault XP percentage of total XP
 D = Non-vault monster count
 E = Vault monster count
 F = Vault count percentage of total count
                 A         B        C        D         E       F
            +---------+---------+-------+---------+---------+-------
      Total |   12079 |    8025 |  39.9 |     247 |      69 |  21.8
            +---------+---------+-------+---------+---------+-------
        D:1 |      48 |       2 |   4.0 |      28 |       1 |   3.4
        D:2 |      52 |       9 |  14.8 |      17 |       3 |  15.0
        D:3 |     119 |       0 |   0.0 |      14 |       0 |   0.0
        D:4 |     457 |      45 |   9.0 |      22 |       1 |   4.3
        D:5 |     724 |     104 |  12.6 |      21 |       7 |  25.0
        D:6 |     645 |     564 |  46.7 |      10 |       5 |  33.3
        D:7 |    1233 |     772 |  38.5 |      28 |      12 |  30.0
        D:8 |    1653 |       0 |   0.0 |      29 |       0 |   0.0
        D:9 |    1660 |       0 |   0.0 |      29 |       0 |   0.0
       D:10 |    2329 |    1816 |  43.8 |      19 |      11 |  36.7
       D:11 |    2812 |    1138 |  28.8 |      17 |       2 |  10.5
      Orc:1 |     347 |     302 |  46.5 |      13 |       2 |  13.3
     Bailey |       0 |    2030 | 100.0 |       0 |      22 | 100.0
    Volcano |       0 |    1243 | 100.0 |       0 |       3 | 100.0
            +---------+---------+-------+---------+---------+-------
